 Dungeon Crawl Stone Soup version 0.28.0-47-ge53b351184 (webtiles) character file.

Game seed: 13328704251902964925

104 acdeimund the Skirmisher (level 4, -6/61 HPs)
             Began as a Hill Orc Fighter on May 4, 2022.
             Mangled by a hornet zombie (10 damage)
             ... on level 3 of the Dungeon.
             The game lasted 00:10:22 (2663 turns).

acdeimund the Skirmisher (Hill Orc Fighter)         Turns: 2663, Time: 00:10:22

Health: -6/61      AC: 22    Str: 18    XL:     4   Next: 80%
Magic:  4/4        EV:  2    Int:  8    God:
Gold:   79         SH:  5    Dex: 12    Spells: 3/3 levels left

rFire   . . .      SeeInvis .   a - +0 flail
rCold   . . .      Faith    .   c - +0 buckler
rNeg    . . .      Spirit   .   (armour currently unavailable)
rPois   +          Reflect  .   (helmet currently unavailable)
rElec   .          Harm     .   (cloak currently unavailable)
rCorr   .          Rampage  .   (gloves currently unavailable)
Will    .....      NoTele   +   (boots currently unavailable)
Stlth   +.........              (no amulet)
HPRegen 0.20/turn               (no ring)
MPRegen 0.09/turn               (no ring)

@: tree-form
A: stationary, stasis, torment immunity, boosted hp
a: no special abilities


You were on level 3 of the Dungeon.
You were a tree.
You visited 1 branch of the dungeon, and saw 3 of its levels.

You collected 79 gold pieces.

Inventory:

Hand Weapons
 a - a +0 flail (weapon)
Missiles
 i - 3 boomerangs (quivered)
 p - 47 stones
Armour
 b - a +0 scale mail (melded)
 c - a +0 buckler (worn)
Scrolls
 n - a scroll of fear
Potions
 d - a potion of might
 j - a potion of flight
 o - a potion of cancellation


   Skills:
 + Level 4.4 Fighting
 + Level 3.2 Maces & Flails
 + Level 4.1 Armour
 + Level 4.1 Shields


You had 3 spell levels left.
You didn't know any spells.
Your spell library contained the following spells:

 Spells                   Type           Power      Damage    Failure   Level
 Corpse Rot               Necr/Air       0%         N/A       63%         2
 Poisonous Vapours        Pois/Air       0%         N/A       63%         2


Dungeon Overview and Level Annotations

Branches:
Dungeon (3/15)

Altars:
Zin


Message History

The hornet zombie hits you.
* * * LOW HITPOINT WARNING * * *
The hornet zombie hits you but does no damage.
You feel better. The hornet zombie closely misses you.
You block the hornet zombie's attack. The hornet zombie hits you!
* * * LOW HITPOINT WARNING * * *
You feel better. The hornet zombie hits you.
* * * LOW HITPOINT WARNING * * *
Really quaff the potion of lignification?
You turn into a tree.
Your +0 scale mail melds into your body.
Your roots penetrate the ground.
The hornet zombie hits you but does no damage.
You hit the hornet zombie but do no damage.
The hornet zombie is moderately damaged.
The hornet zombie hits you but does no damage. x2
You thump the hornet zombie!
The hornet zombie is heavily damaged.
The hornet zombie hits you.
* * * LOW HITPOINT WARNING * * *
You hit the hornet zombie but do no damage.
The hornet zombie is heavily damaged.
The hornet zombie hits you but does no damage.
You block the hornet zombie's attack.
You hit the hornet zombie.
The hornet zombie is heavily damaged.
The hornet zombie hits you but does no damage. x2
You closely miss the hornet zombie.
The hornet zombie is heavily damaged.
The hornet zombie hits you but does no damage.
You completely miss the hornet zombie.
The hornet zombie is heavily damaged.
The hornet zombie hits you!
* * * LOW HITPOINT WARNING * * *
The hornet zombie hits you but does no damage.
You barely miss the hornet zombie.
The hornet zombie is heavily damaged.
The hornet zombie hits you!
You die...

#...........,..##
#######....##..####...####*
.....)...................,**
.######...##.##.....##.##,,*
.#......###.#.##.#.##.#.##,*
.#......#...#...###...#.)#,**
........###.#.##.#.##.#.#*,,#
##........##.##.....##.##...#
##..............♣Z..........#
....................#####..##
..........###.......# *,##
.#........##........# **,*
.............#.###### *,,*
......########.* *,**
.####...#** *#.*********,* .#
*##...***..**,,,,,,,,* .#
*##.,,,,,*,,,,,,,,**


You could see a hornet zombie.

Vanquished Creatures
  Terence (D:2)
  A worm (D:2)
  2 dart slugs (D:2)
  An orc (D:3)
  6 bats
  5 endoplasms
  7 hobgoblins
  7 jackals (D:1)
  5 kobolds
  6 quokkas
  6 ball pythons
  4 frilled lizards
  5 goblins
  4 rats (D:1)
60 creatures vanquished.

Notes
Turn   | Place    | Note
-------+----------+-------------------------------------------
     0 | D:1      | acdeimund the Hill Orc Fighter began the quest for the Orb.
     0 | D:1      | Reached XP level 1. HP: 19/19 MP: 1/1
   175 | D:1      | Reached XP level 2. HP: 27/27 MP: 2/2
   502 | D:1      | Reached XP level 3. HP: 23/33 MP: 3/3
   840 | D:1      | Found a faded altar of an unknown god.
  1188 | D:2      | Noticed Terence
  1211 | D:2      | Killed Terence
  1212 | D:2      | Reached XP level 4. HP: 12/40 MP: 4/4
  1846 | D:2      | Found a glowing silver altar of Zin.
  2654 | D:3      | HP: 1/41 [hornet zombie (9)]
  2663 | D:3      | Mangled by a hornet zombie

Illustrated notes

Levels and vault maps discovered:
D:1:      lemuel_arrival_muddy, layout_rooms,
          hellmonk_ecumenical_altar_crossroads
D:2:      layout_basic, basic_altar, uniq_terence
D:3:      layout_rooms, chequers_serial_rivers_room_b, minmay_ruptured

Skill      XL: |  1  2  3  4 |
---------------+-------------+-----
Fighting       | 4 |  4.4
Maces & Flails | 3 |  3.2
Shields        | 4 |  4.1
Armour         | 4 |  4.1

Action                   |  1- 3 |  4- 6 || total
-------------------------+-------+-------++-------
Melee: Flail             |   102 |    78 ||   180
  Use: Scroll            |       |     9 ||     9
       Potion            |       |     3 ||     3
Armor: Scale mail        |    51 |    22 ||    73
       Skin              |       |     8 ||     8
Dodge: Dodged            |    63 |    20 ||    83
Block: Buckler           |    17 |    15 ||    32
